 Dungeon Crawl Stone Soup version 0.30.1-4-g462c640d31 (webtiles) character file.

Game seed: 8392889970789633841

320 hawla the Firebug (level 7, 0/50 HPs)
             Began as a Meteoran Fire Elementalist on Aug 24, 2023.
             Succumbed to a killer bee's poison
             ... on level 5 of the Dungeon.
             The game lasted 00:06:25 (1068 turns).

hawla the Firebug (Meteoran Fire Elementalist)      Turns: 1068, Time: 00:06:26

Health: 0/50       AC:  2    Str:  9    XL:     7   Next: 5%
Magic:  4/12       EV: 12    Int: 18    God:
Gold:   101        SH:  0    Dex: 16    Spells: 5/12 levels left

rFire   . . .        e - +0 falchion (protect)
rCold   . . .        (no shield)
rNeg    . . .        a - +0 robe
rPois   .            (no helmet)
rElec   .            (no cloak)
rCorr   .            (no gloves)
SInv    .            (no boots)
Will    .....        (no amulet)
Stlth   +            (no ring)
HPRegen 0.28/turn    (no ring)
MPRegen 0.13/turn

%: no passive effects
@: lethally poisoned (0 -> -15), hasted, glowing, very quick
A: sense surroundings 1, otherworldly, glowing, explore regen
a: no special abilities


You were on level 5 of the Dungeon.
You visited 1 branch of the dungeon, and saw 5 of its levels.

You collected 101 gold pieces.

Inventory:

Hand Weapons
 d - a +1 rapier of draining
 e - a +0 falchion of protection (weapon)
Armour
 a - a +0 robe (worn)
Scrolls
 c - a scroll of brand weapon {unknown}
 f - a scroll of teleportation
 h - a scroll of immolation {unknown}
 i - a scroll of fear {unknown}
 j - a scroll of butterflies {unknown}
 k - a scroll of noise {unknown}
Potions
 b - 2 potions of magic
 l - a potion of brilliance {unknown}


   Skills:
 - Level 0.2(2.5) Short Blades
 + Level 4.6 Long Blades
 - Level 2.5 Dodging
 - Level 1.4 Stealth
 - Level 3.1 Spellcasting
 + Level 4.3 Conjurations
 - Level 4.9 Fire Magic


You had 5 spell levels left.
You knew the following spells:

 Your Spells              Type           Power      Damage    Failure   Level
a - Foxfire               Conj/Fire      76%        2x1d7     2%          1
b - Scorch                Fire           40%        2d7       3%          2
c - Flame Wave            Conj/Fire      19%        2d7       24%         4

Your spell library contained the following spells:

 Spells                   Type           Power      Damage    Failure   Level
 Inner Flame              Hex/Fire       11%        N/A       17%         3
 Volatile Blastmotes      Fire/Tloc      22%        2d11      17%         3
 Ensorcelled Hibernation  Hex/Ice        4%         N/A       24%         2
 Spider Form              Tmut/Pois      2%         N/A       43%         3
 Summon Guardian Golem    Hex/Summ       2%         N/A       43%         3
 Anguish                  Hex/Necr       1%         N/A       85%         4
 Orb of Destruction       Conj           9%         9d6       100%        7
 Spellforged Servitor     Conj/Summ      5%         N/A       100%        7


Dungeon Overview and Level Annotations

Branches:
Dungeon (5/15) Zot: 1909
 Temple: D:4-7

Altars:
Elyvilon


Innate Abilities, Weirdness & Mutations

You passively map a small area around you.
You are easily found by Zot.
You glow in the dark.
You regain HP and MP as you explore.


Message History

You feel sick.
You hear an angry hiss.
The killer bee misses you.
The killer bee stings you but does no damage.
The killer bee stings you. The orc closely misses you.
The killer bee stings you.
You are more poisoned.
The killer bee poisons you! The killer bee stings you. x2
A wave of flame ripples out!
The flame wave engulfs the orc.
The orc is severely wounded.
The flame wave engulfs the killer bee!
The killer bee is severely wounded.
The flame wave engulfs the killer bee.
You kill the killer bee!
The flame wave engulfs the killer bee.
You kill the killer bee!
You finish channelling waves of flame.
You feel very sick.
You hear a shout!
You hear a bark!
The killer bee stings you.
* * * LOW HITPOINT WARNING * * *
You are more poisoned.
The killer bee poisons you! The orc misses you.
The killer bee stings you but does no damage.
Your Long Blades skill increases to level 4!
You have reached level 7!
Casting: Flame Wave (quite dangerous; 24% risk of failure)
Confirm with . or Enter, or press ? or * to list all spells.
Flames lash the killer bee.
The killer bee is almost dead.
The killer bee's fire resistance burns away.
* * * LOW HITPOINT WARNING * * *
You feel very sick. The killer bee closely misses you.
A jelly comes into view.
The orc hits you with a +0 whip.
* * * LOW HITPOINT WARNING * * *
The killer bee closely misses you.
It was a potion of haste.
You feel yourself speed up.
You die...

* , *,### * ..
..# .. , *
*,#.#.#. , ##
#.J.. , ,
#....#.#
#..##.#)#.# ,,
#.....o)†.#,,,,
, #.####@y.#***
** #...)....##
* ######....#
#######.##..#
.........##.#
.......<.# ..#
, * .........#*
.# ########## *
. , , ,


You could see a jelly, a killer bee (combustible) and an orc.

Vanquished Creatures
  A scorpion (D:4)
  2 killer bees (D:5)
  An orc priest (D:4)
  An iguana (D:4)
  An orc wizard (D:5)
  2 adders
  A dart slug (D:2)
  13 orcs
  2 bats (D:1)
  2 endoplasms
  3 giant cockroaches
  2 goblins
  3 hobgoblins (D:4)
  8 jackals
  5 quokkas
  5 ball pythons
  A frilled lizard (D:3)
  5 kobolds
  4 rats
62 creatures vanquished.

Vanquished Creatures (others)
  48 foxfires
48 creatures vanquished.

Grand Total: 110 creatures vanquished

Notes
Turn   | Place    | Note
-------+----------+-------------------------------------------
     0 | D:1      | hawla the Meteoran Fire Elementalist began the quest for
                  | the Orb.
     0 | D:1      | Reached XP level 1. HP: 14/14 MP: 5/5
    74 | D:1      | Reached XP level 2. HP: 15/20 MP: 4/6
    91 | D:1      | Reached XP level 3. HP: 5/26 MP: 1/8
    94 | D:1      | Learned a level 2 spell: Scorch
   258 | D:3      | Reached XP level 4. HP: 33/33 MP: 6/9
   281 | D:4      | Learned a level 4 spell: Flame Wave
   409 | D:4      | Reached skill level 1 in Long Blades
   409 | D:4      | Reached XP level 5. HP: 13/38 MP: 2/10
   527 | D:4      | Found a white marble altar of Elyvilon.
   595 | D:4      | Reached XP level 6. HP: 13/45 MP: 0/11
  1043 | D:5      | Entered Level 5 of the Dungeon
  1067 | D:5      | Reached XP level 7. HP: 8/50 MP: 5/12
  1067 | D:5      | HP: 2/50 [orc/+0 whip (1)]
  1068 | D:5      | Succumbed to a killer bee's poison

Illustrated notes

Levels and vault maps discovered:
D:1:      amcnicky_arrival_abandoned_market, layout_basic, serial_park_tiny_2
D:2:      minmay_inner_zag, layout_basic, kennysheep_generic_room_10
D:3:      layout_rooms, nicolae_wu_jian_wuxing_cycle, serial_forest,
          infiniplex_forest_lined_3_way, infiniplex_forest_straight_5,
          infiniplex_forest_lined_room_2, infiniplex_forest_clump_large,
          infiniplex_forest_straight_3, infiniplex_forest_clump_small,
          infiniplex_forest_end_3, infiniplex_forest_lined_2,
          roderic_roman_lattice, minmay_vboxes
D:4:      minmay_wonky_spiral, layout_loops_ring, lemuel_doored_altar
D:5:      layout_basic, general_overflow_altar, solitary_fountain,
          serial_bayou_pond_c, nicolae_fountain_basement

Skill      XL: |  1  2  3  4  5  6 |
---------------+-------------------+-----
Fire Magic     | 4 |  4.9
Spellcasting   | 3 |  3.1
Conjurations   | 2 3 4 |  4.3
Long Blades    | 1 3 4 |  4.6
Short Blades   | |  0.2
Dodging        | |  2.5
Stealth        | |  1.4

Action                     |  1- 3 |  4- 6 |  7- 9 || total
---------------------------+-------+-------+-------++-------
  Melee: Rapier            |    22 |     3 |       ||    25
         Falchion          |       |    72 |       ||    72
   Cast: Foxfire           |    24 |     5 |       ||    29
         Scorch            |     2 |    15 |     1 ||    18
         Flame Wave        |       |     2 |       ||     2
    Use: Potion            |     1 |     1 |     1 ||     3
         Scroll            |     2 |       |       ||     2
 Armour: Robe              |     7 |    45 |       ||    52
  Dodge: Dodged            |    15 |    75 |     2 ||    92
